 Dungeon Crawl Stone Soup version 0.21.1-1-g345015f (webtiles) character file.

2139 CougarLife the Grappler (level 9, -4/81 HPs)
             Began as a Troll Monk on June 10, 2018.
             Was a Believer of Trog.
             Slain by Grum
             ... wielding a +0 glaive
              (9 damage)
             ... on level 8 of the Dungeon.
             The game lasted 00:06:04 (4566 turns).

CougarLife the Grappler (Troll Monk)                Turns: 4566, Time: 00:06:04

Health: -4/81      AC:  5    Str: 22    XL:     9   Next: 9%
Magic:  8/8        EV: 12    Int:  8    God:    Trog [**....]
Gold:   329        SH:  0    Dex: 12    Spells: 8/8 levels left

rFire    . . .     SeeInvis .     - Unarmed
rCold    . . .     Gourm    +   (no shield)
rNeg     . . .     Faith    .   a - +0 robe
rPois    .         Spirit   .   (helmet restricted)
rElec    .         Reflect  .   (no cloak)
rCorr    .         Harm     .   (gloves unavailable)
MR       .....                  (boots unavailable)
Stlth    ++........             (no amulet)
HPRegen  0.63/turn              (no ring)
MPRegen  0.11/turn              (no ring)

@: no status effects
A: large, unfitting armour, claws 3, fast metabolism 3, gourmand, regeneration
1, shaggy fur 1, tough skin 2
a: Berserk, Trog's Hand, Burn Spellbooks, Renounce Religion


You were on level 8 of the Dungeon.
You worshipped Trog.
Trog was pleased with you.
You were completely stuffed.

You visited 2 branches of the dungeon, and saw 9 of its levels.

You collected 329 gold pieces.

Inventory:

Armour
 a - a +0 robe (worn)
Wands
 j - a wand of random effects (8)
Scrolls
 c - 2 scrolls of enchant weapon {unknown}
 e - 2 scrolls of teleportation {unknown}
 l - 4 scrolls of remove curse
 n - 3 scrolls of identify
 o - a scroll of amnesia {unknown}
 p - a scroll of magic mapping {unknown}
 s - a scroll of enchant armour {unknown}
 t - 2 scrolls of immolation {unknown}
Potions
 d - a potion of heal wounds {unknown}
 f - a potion of might
 g - a potion of flight {unknown}
 h - a potion of mutation {unknown}
 i - a potion of lignification {unknown}
 k - 5 potions of curing {unknown}
 m - a potion of berserk rage {unknown}
 q - a potion of ambrosia {unknown}
 r - a potion of haste
 v - a potion of brilliance {unknown}
 w - a potion of cancellation {unknown}
 x - a potion of degeneration {unknown}
Comestibles
 b - 9 rations
 u - 3 chunks of flesh


   Skills:
 - Level 3.0 Fighting
 + Level 4.6 Dodging
 - Level 1.0 Stealth
 - Level 11.1 Unarmed Combat


You had 8 spell levels left.
You didn't know any spells.

Dungeon Overview and Level Annotations

Branches:
Dungeon (9/15)             Temple (1/1) D:5
   Lair: D:8-11         Orc: D:9-12

Altars:
Ashenzari
Cheibriados
Dithmenos
Elyvilon
Fedhas
Gozag
Hepliaklqana
Kikubaaqudgha
Makhleb
Nemelex Xobeh
Qazlal
Ru
Sif Muna
Trog
Uskayaw
Wu Jian
Xom
Yredelemnul
Zin
The Shining One

Annotations:
D:8 Grum


Innate Abilities, Weirdness & Mutations

You are too large for most types of armour.
You have claws for hands.
Your metabolism is lightning-fast.
You like to eat raw meat.
Your natural rate of healing is unusually fast.
You are covered in fur. (AC +1)
You have very tough skin. (AC +2)


Message History

The wolf howls! x3
Grum drinks a potion.
Grum seems to speed up.
The wolf barely misses you.
You miss the wolf. The wolf bites you.
You miss the wolf. The wolf bites you. The wolf closely misses you. x2
You miss the wolf. The wolf bites you but does no damage. The wolf bites you!
The wolf bites you.
You miss the wolf. Grum closely misses you. The wolf bites you! x2
You barely miss the wolf. The wolf bites you but does no damage.
Grum closely misses you. The wolf bites you. The wolf barely misses you.
You closely miss the wolf. The wolf barely misses you.
Grum hits you from afar with a glaive!!
* * * LOW HITPOINT WARNING * * *
The wolf bites you!
* * * LOW HITPOINT WARNING * * *
The wolf bites you but does no damage. The wolf bites you!
* * * LOW HITPOINT WARNING * * *
Grum hits you from afar with a glaive!
You die...

##### ##...##
######.....# ####
#..........# #...
###.####.....###.#####.
#...........##.........
#....###.....#.........
#..#..#............#
#.###.##.....#@#.###
#..#..###...##h#.####..#
#.....# #...##hgh......#
#.###.# #....###.......#
#.....# ###+# ...######
#####.# .....# ##.#
...h...# ######..#
#........# ........#
#....g...+


You could see Grum and 2 wolves.

Vanquished Creatures
  A hippogriff (D:9)
  Grinder (D:3)
  The ghost of CougarLife the Chopper, an amateur HOFi (D:4)
  A hornet zombie (D:9)
  An ice beast (D:5)
  4 ogres
  A phantom (D:5)
  A bullfrog (D:6)
  A howler monkey (D:4)
  A crimson imp (D:3)
  A jelly (D:5)
  2 quasits
  An orc priest (D:5)
  A bullfrog zombie (D:5)
  6 hounds
  2 orc wizards (D:4)
  A bullfrog skeleton (D:4)
  A centaur skeleton (D:6)
  An iguana (D:5)
  Natasha (thrice) (D:3)
  4 worker ants
  4 gnolls (D:5)
  2 howler monkey skeletons (D:4)
  11 adders
  2 shadow imps
  An ooze (D:3)
  2 adder skeletons (D:4)
  A dart slug (D:2)
  5 leopard geckos
  6 orcs
  2 bats
  2 giant cockroaches
  9 goblins
  2 hobgoblins (D:1)
  6 jackals (D:5)
  11 kobolds
  4 quokkas
  3 ball pythons
  7 frilled lizards
  10 rats
126 creatures vanquished.

Notes
Turn   | Place    | Note
-------+----------+-------------------------------------------
     0 | D:1      | CougarLife the Troll Monk began the quest for the Orb.
     0 | D:1      | Reached XP level 1. HP: 22/22 MP: 0/0
   111 | D:1      | Reached XP level 2. HP: 29/31 MP: 1/1
   859 | D:2      | Reached XP level 3. HP: 35/37 MP: 2/2
  1172 | D:2      | Found a faded altar of an unknown god.
  1381 | D:2      | Reached XP level 4. HP: 44/45 MP: 3/3
  1776 | D:3      | Reached skill level 4 in Unarmed Combat
  1831 | D:3      | Found a shimmering altar of Xom.
  1927 | D:3      | Noticed Natasha
  1930 | D:3      | Killed Natasha
  1985 | D:3      | Reached XP level 5. HP: 48/53 MP: 4/4
  2009 | D:3      | Reached skill level 5 in Unarmed Combat
  2119 | D:3      | Noticed Natasha
  2122 | D:3      | Killed Natasha
  2276 | D:3      | Noticed Grinder
  2287 | D:3      | Noticed Natasha
  2290 | D:3      | Killed Grinder
  2290 | D:3      | Reached skill level 6 in Unarmed Combat
  2290 | D:3      | Reached XP level 6. HP: 8/61 MP: 5/5
  2383 | D:3      | Killed Natasha
  2462 | D:4      | Reached skill level 7 in Unarmed Combat
  2471 | D:4      | Noticed CougarLife's ghost (amateur HOFi)
  2483 | D:4      | Killed CougarLife's ghost
  2483 | D:4      | Reached XP level 7. HP: 42/67 MP: 6/6
  2518 | D:4      | Reached skill level 8 in Unarmed Combat
  2933 | D:4      | Reached skill level 9 in Unarmed Combat
  2959 | D:4      | Found a shadowy altar of Dithmenos.
  3163 | D:5      | Entered Level 5 of the Dungeon
  3210 | D:5      | Reached XP level 8. HP: 55/75 MP: 7/7
  3317 | D:5      | Found a staircase to the Ecumenical Temple.
  3320 | D:5      | Reached skill level 10 in Unarmed Combat
  3336 | Temple   | Entered the Ecumenical Temple
  3370 | Temple   | Became a worshipper of Trog the Wrathful
  3370 | Temple   | Reached * piety under Trog
  3370 | Temple   | Reached ** piety under Trog
  4192 | D:6      | Reached skill level 11 in Unarmed Combat
  4437 | D:6      | You fall through a shaft for 3 floors!
  4437 | D:9      | Noticed a hippogriff
  4443 | D:9      | Killed a hippogriff
  4443 | D:9      | Reached XP level 9. HP: 81/81 MP: 8/8
  4556 | D:8      | Noticed Grum
  4566 | D:8      | Slain by Grum

Skill      XL: |  1  2  3  4  5  6  7  8 |
---------------+-------------------------+-----
Fighting       | 3 |  3.0
Dodging        | 3 4 |  4.6
Unarmed Combat | 4 6 7 9 11 | 11.1
Stealth        | |  1.0

Action                   |  1- 3 |  4- 6 |  7- 9 || total
-------------------------+-------+-------+-------++-------
Melee: Unarmed           |    93 |    99 |   171 ||   363
       Punch             |     1 |     2 |     4 ||     7
Invok: Berserk           |       |       |     1 ||     1
  Use: Potion            |       |     1 |       ||     1
       Scroll            |       |       |     3 ||     3
 Stab: Sleeping          |     2 |       |     3 ||     5
  Eat: Chunk             |    18 |    10 |    20 ||    48
Armor: Robe              |    29 |    40 |    38 ||   107
Dodge: Dodged            |    44 |    66 |    71 ||   181
